 Dungeon Crawl Stone Soup version 0.31-a0-702-gf82c85558f (webtiles) character file.

Game seed: 17406560671620399568

368 Essalna the Conjurer (level 6, -5/41 HPs)
             Began as a Demonspawn Conjurer on Sept 8, 2023.
             Killed from afar by a bog mummy (10 damage)
             ... with a puff of frost
             ... in an ossuary.
             The game lasted 00:08:59 (3077 turns).

Essalna the Conjurer (Demonspawn Conjurer)          Turns: 3077, Time: 00:08:59

Health: -5/41      AC:  3    Str:  8    XL:     6   Next: 41%
Magic:  6/13       EV: 12    Int: 21    God:
Gold:   158        SH:  0    Dex: 15    Spells: 11/14 levels left

rFire   . . .        j - +2 dagger (venom)
rCold   . . .        (no shield)
rNeg    . . .        a - +1 robe
rPois   .            (no helmet)
rElec   .            (no cloak)
rCorr   .            (no gloves)
SInv    .            (no boots)
Will    .....        (no amulet)
Stlth   ++++         (no ring)
HPRegen 0.26/turn    (no ring)
MPRegen 0.13/turn

%: no passive effects
@: no status effects
A: thin skeletal structure 2, demonic guardian 1, powered by death 1
a: no special abilities


You were in an ossuary.
You visited 1 branch of the dungeon, and saw 4 of its levels.
You also visited: Ossuary.

You collected 158 gold pieces.

Inventory:

Hand Weapons
 g - a +0 short sword
 j - a +2 dagger of venom (weapon)
Missiles
 n - 5 atropa-tipped darts
Armour
 a - a +1 robe (worn)
Wands
 h - a wand of charming (5)
 q - a wand of iceblast (8)
Scrolls
 c - a scroll of silence
 m - a scroll of enchant weapon
 u - a scroll of blinking
 w - a scroll of summoning {unknown}
Potions
 b - a potion of magic
 d - a potion of berserk rage {unknown}
 e - a potion of attraction {unknown}
 i - 2 potions of brilliance {unknown}
 k - a potion of degeneration {unknown}
 r - 2 potions of curing {unknown}
 s - 2 potions of might {unknown}
 t - a potion of enlightenment {unknown}


   Skills:
 - Level 1.7 Dodging
 - Level 1.7 Stealth
 + Level 4.6 Spellcasting
 + Level 6.1 Conjurations


You had 11 spell levels left.
You knew the following spells:

 Your Spells              Type           Power      Damage    Failure   Level
a - Magic Dart            Conj           100%       1d8       1%          1
b - Searing Ray           Conj           60%        2d6       1%          2

Your spell library contained the following spells:

 Spells                   Type           Power      Damage    Failure   Level
 Dazzling Flash           Conj/Hex       34%        N/A       10%         3
 Fulminant Prism          Conj/Hex       8%         3d7       30%         4
 Iskenderun's Mystic Bla  Conj/Tloc      17%        2d5       30%         4


Dungeon Overview and Level Annotations

Branches:
Dungeon (4/15)            Ossuary (1/1)
 Temple: D:4-7

Altars:
Gozag
Ru
Xom

Shops:
D:2 (   D:4 !


Innate Abilities, Weirdness & Mutations

You have a moderately thin skeletal structure. (Dex +4, Stealth++)
A weak demonic guardian rushes to your aid.
You regenerate a little health from kills.


Message History

As you read the scroll of teleportation, it crumbles to dust.
You feel strangely unstable.
Your surroundings suddenly seem different. 3 bog mummies, a howler monkey zombie and a centaur zombie come into view.
Okay, then.
Unknown command.
Okay, then.
Okay, then.
Okay, then.
Okay, then.
Okay, then.
Okay, then.
You enter the shallow water.
Moving in this stuff is going to be slow.
The bog mummy points at you and mumbles some strange words.
The puff of frost misses you. The bog mummy hits you!
A demonic guardian appears!
Your quasit splashes around in the water.
Your quasit claws the bog mummy but does no damage. x2
A bog mummy comes into view.
Your quasit bites the bog mummy but does no damage.
Your quasit claws the bog mummy but does no damage.
Your quasit closely misses the bog mummy.
The bog mummy gestures at you while chanting.
The puff of frost hits you!
* * * LOW HITPOINT WARNING * * *
You enter the shallow water.
Moving in this stuff is going to be slow.
Your quasit bites the bog mummy.
Your quasit completely misses the bog mummy.
Your quasit claws the bog mummy but does no damage.
Found a coppery potion.
A bog mummy comes into view.
The bog mummy splashes around in the water.
Your quasit bites the bog mummy.
Your quasit barely misses the bog mummy.
Your quasit claws the bog mummy but does no damage.
The bog mummy casts a spell at you. The puff of frost hits you!
You die...

≈# # ≈≈≈# #≈## ≈≈≈#
≈≈≈≈≈### #≈≈≈# ## #
≈≈≈#≈###~~#≈~ #~ #≈
≈~.#.~.# #P#P# ≈≈≈
###'#.M.#+#.~.#+###
#≈≈#.~~@..~~~~Z~~..~M#
# #≈~#~.##'##M##'## #≈
# #...# !# #Z..# #≈
###M# # #.∩.# #≈ #.M5#
#∩..# #≈≈##~Z#####
##### #≈≈...~~M~.~
#≈≈#~~.#####+ ## #.~~#


You could see 4 bog mummies, a wyvern zombie (wandering), a howler monkey zombie
and a friendly quasit (summoned).

Vanquished Creatures
  A scorpion (D:4)
  A centaur zombie (Ossuary)
  2 hounds (D:4)
  A jelly (D:2)
  A mummy (Ossuary)
  Ijyb (D:4)
  An iguana (D:4)
  3 adders
  A worm (D:3)
  A dart slug (D:1)
  7 ball pythons
  10 endoplasms
  7 giant cockroaches
  5 goblins
  3 hobgoblins
  6 kobolds
  3 quokkas
  16 bats
  4 frilled lizards
  4 rats
78 creatures vanquished.

Vanquished Creatures (collateral kills)
  An orc (D:4)
1 creature vanquished.

Grand Total: 79 creatures vanquished

Notes
Turn   | Place    | Note
-------+----------+-------------------------------------------
     0 | D:1      | Essalna the Demonspawn Conjurer began the quest for the
                  | Orb.
     0 | D:1      | Reached XP level 1. HP: 13/13 MP: 3/3
   173 | D:1      | Gained mutation: A weak demonic guardian rushes to your
                  | aid. [demonic ancestry]
   173 | D:1      | Reached XP level 2. HP: 16/19 MP: 0/5
   721 | D:1      | Gained mutation: You regenerate a little health from kills.
                  | [demonic ancestry]
   721 | D:1      | Reached XP level 3. HP: 24/24 MP: 4/7
  1056 | D:2      | Gained mutation: You have a somewhat thin skeletal
                  | structure. (Dex +2, Stealth+) [demonic ancestry]
  1056 | D:2      | Reached XP level 4. HP: 30/30 MP: 1/8
  1439 | D:2      | Reached skill level 5 in Conjurations
  1685 | D:2      | Found Lugim's Weapon Shop.
  2160 | D:3      | Found a faded altar of an unknown god.
  2221 | D:3      | Learned a level 2 spell: Searing Ray
  2546 | D:3      | Found a sacrificial altar of Ru.
  2546 | D:3      | Found an opulent altar of Gozag.
  2560 | D:3      | Found a shimmering altar of Xom.
  2839 | D:4      | Reached XP level 5. HP: 35/35 MP: 6/10
  2919 | D:4      | Gained mutation: You have a moderately thin skeletal
                  | structure. (Dex +4, Stealth++) [demonic ancestry]
  2919 | D:4      | Reached XP level 6. HP: 41/41 MP: 1/12
  2930 | D:4      | Noticed Ijyb
  2934 | D:4      | Found Zogouwas's Distillery.
  2937 | D:4      | Killed Ijyb
  2938 | D:4      | Reached skill level 6 in Conjurations
  3003 | D:4      | Found a sand-covered staircase.
  3008 | Ossuary  | Entered an ossuary
  3077 | Ossuary  | Killed from afar by a bog mummy

Illustrated notes

Levels and vault maps discovered:
D:1:      saegor_arrival_miasma, layout_rooms, serial_bayou_lagoon_a,
          minmay_octomino_e4
D:2:      layout_basic, serial_shops, nicolae_shop_bloodbath_and_beyond,
          solitary_fountain, chequers_serial_rivers_micro_d,
          roderic_roman_lattice
D:3:      layout_rooms, minitemple, hellmonk_ecumenical_altar_heavens_door,
          small_statue_intersection, moated_statue, minmay_pentomino_pile
D:4:      layout_rooms, slow_altar_2, nicolae_ossuary_entry_false_entrances,
          serial_shops, shop, uniq_blork_the_orc, uniq_pargi, uniq_ijyb
Ossuary:  ossuary_zaba_flooded

Skill      XL: |  1  2  3  4  5  6 |
---------------+-------------------+-----
Spellcasting   | 3 4 |  4.6
Conjurations   | 5 6 |  6.1
Dodging        | |  1.7
Stealth        | |  1.7

Action                     |  1- 3 |  4- 6 || total
---------------------------+-------+-------++-------
  Melee: Short sword       |    12 |       ||    12
         Dagger            |     2 |    23 ||    25
   Cast: Magic Dart        |    60 |    87 ||   147
         Searing Ray       |       |     3 ||     3
  Evoke: Wand              |       |     3 ||     3
    Use: Scroll            |       |    10 ||    10
 Armour: Robe              |     8 |    26 ||    34
  Dodge: Dodged            |     9 |    24 ||    33

Table legend: (Time is in decaauts)
 A = Elapsed time spent in this place.
 B = Non-inter-level travel time spent in this place.
 C = Inter-level travel time spent in this place.
 D = Time resting spent in this place.
 E = Time spent auto-exploring this place.
 F = Levels seen in this place.
 G = Mean time per level.
                   A        B        C        D        E       F      G
               +--------+--------+--------+--------+--------+-----+--------+
         Total |   3087 |   2958 |    129 |     32 |   2475 |   5 |  617.4 |
       Dungeon |   3009 |   2880 |    129 |      0 |   2473 |   4 |  752.2 |
       Ossuary |     78 |     78 |      0 |     32 |      2 |   1 |   78.0 |
               +--------+--------+--------+--------+--------+-----+--------+

Top non-repeatable levels by time:
     D:2: 1142 daAuts
     D:1: 892 daAuts
     D:3: 771 daAuts
     D:4: 203 daAuts
 Ossuary: 78 daAuts
